 Dungeon Sprint DCSS version 0.32-a0-876-gcfddb08e57 (webtiles) character file.

Game seed: 1138003335495721000

2349 Conn the Thaumaturge (level 9, -16/94 HPs)
             Began as an Octopode Fire Elementalist on Apr 1, 2024.
             Was a High Priest of Sif Muna.
             Demolished by a vampire knight
             ... wielding a +1 long sword
              (29 damage)
             ... in the Dungeon (Sprint VII: "The Pits").
             The game lasted 00:16:46 (1355 turns).

Conn the Thaumaturge (Octopode Fire Elementalist)   Turns: 1355, Time: 00:16:47

Health: -16/94     AC:  8    Str:  8    XL:     9   Next: 43%
Magic:  2/21       EV: 14    Int: 21    God:    Sif Muna [*****.]
Gold:   0          SH:  0    Dex: 12    Spells: 7/25 levels left

rFire   . . .        m - +4 quarterstaff (protect)
rCold   . . .        (shield currently unavailable)
rNeg    . . .        (helmet restricted)
rPois   .            (no amulet)
rElec   .            (no ring)
rCorr   .            (no ring)
SInv    .            (no ring)
Will    .....        (no ring) Stlth
                     (no ring)
HPRegen 0.35/turn    (no ring)
MPRegen 0.17/turn    (no ring)
                     (no ring)

%: no teleportation
@: berserking, under a protective aura, very slightly contaminated, very quick
A: almost no armour, amphibious, 8 rings, camouflage 1, gelatinous body 1,
(nimble swimmer 1), tentacles
a: Renounce Religion, Channel Magic, Forget Spell, Divine Exegesis


You were in the Dungeon.
You worshipped Sif Muna.
Sif Muna was extremely pleased with you.
You visited 1 branch

Inventory:

Hand Weapons
 g - a +2 falchion
 k - a +5 heavy spear
 m - a +4 quarterstaff of protection (weapon)
Armour
 l - a +0 kite shield
Scrolls
 i - 2 scrolls of vulnerability
 j - 5 scrolls of amnesia
Potions
 a - 4 potions of magic
 b - 5 potions of curing
 e - a potion of berserk rage


   Skills:
 + Level 6.4 Fighting
 - Level 3.5 Staves
 + Level 6.8 Dodging
 - Level 5.0 Stealth
 - Level 4.9 Shields
 * Level 8.6 Spellcasting
 + Level 8.1 Conjurations
 + Level 5.0 Hexes
 + Level 7.7 Fire Magic
 * Level 5.0 Ice Magic
 * Level 5.0 Air Magic
 + Level 6.6 Invocations


You had 7 spell levels left.
You knew the following spells:

 Your Spells              Type           Power      Damage    Failure   Level
a - Foxfire               Conj/Fire      100%       2x1d9     1%          1
b - Scorch                Fire           82%        2d8       1%          2
c - Inner Flame           Hex/Fire       35%        N/A       1%          3
d - Flame Wave            Conj/Fire      42%        2d11      2%          4
e - Summon Ice Beast      Ice/Summ       19%        N/A       8%          3
f - Arcjolt               Conj/Air       18%        1d28      14%         5

Your spell library contained the following spells:

 Spells                   Type           Power      Damage    Failure   Level
 Magic Dart               Conj           100%       1d8       1%          1
 Volatile Blastmotes      Fire/Tloc      50%        2d14      4%          3
 Martyr's Knell           Necr/Summ      9%         N/A       58%         4
 Olgreb's Toxic Radiance  Alch           9%         N/A       58%         4
 Ozocubu's Refrigeration  Ice            15%        4d10      100%        7
 Discord                  Hex            15%        N/A       100%        8
 Chain Lightning          Conj/Air       18%        3d24      100%        9


Dungeon Overview and Level Annotations

Branches:
Dungeon (1/1)

Altars:
Ashenzari
Cheibriados
Dithmenos
Elyvilon
Fedhas
Gozag
Hepliaklqana
Kikubaaqudgha
Makhleb
Nemelex Xobeh
Okawaru
Qazlal
Ru
Sif Muna
Trog
Uskayaw
Vehumet
Wu Jian
Xom
Yredelemnul
Zin
The Shining One
Beogh
Jiyva
Lugonu


Innate Abilities, Weirdness & Mutations

You cannot wear most types of armour.
You are amphibious.
You can wear up to eight rings at the same time.
Your skin changes colour to match your surroundings (Stealth+).
Your rubbery body absorbs attacks. (AC +1, EV +1)
((You are camouflaged when in or above water. (Stealth+)))
You have tentacles for arms and can constrict up to eight enemies at once.


Message History

The bolt of lightning hits the vampire knight!!!
The vampire knight is severely damaged.
The bolt of lightning hits you!
You hear a bellow! x2; You hear a shout!
You hear an angry hiss.
You hear a bellow!
You hear a shout!
Your Hexes skill increases to level 5!
Your Ice Magic skill increases to level 5!
Your Air Magic skill increases to level 5!
Unknown command.
Unknown command.
Unknown command.
Unknown command.
Cast which spell? (? or * to list)
You miscast Summon Ice Beast.
You are very lightly contaminated with residual magic.
Nothing appears to happen.
Okay, then.
Unknown command.
Okay, then.
Unknown command.
Press: ? - help, v - describe, . - travel
Here: a vampire knight, wielding a +1 long sword and wearing a +0 plate armour (severely damaged, fast)
The floor, spattered with blood.
Unknown command.
Unknown command.
Unknown command.
Okay, then.
Unknown command.
Unknown command.
A red film seems to cover your vision as you go berserk!
You feel yourself moving faster!
You feel mighty!
The vampire knight draws life force from you!!
* * * LOW HITPOINT WARNING * * *
The vampire knight is healed by the life force!
You hit the vampire knight but do no damage.
Your weapon exudes an aura of protection.
Your grab misses the vampire knight.
The vampire knight is heavily damaged.
The vampire knight hits you with a +1 long sword!!
You die...

...#..#......# .............+
.............+ ...#..#.°○...#
.............# '#####○'######
....##○'################ ####
....##°.#.........)....###..#
....##R.##...[..@V.)....#..##
<...##..####...#+######...##
....##..#..#####.## ##○##
....##..#....##...# §.#
....##..÷.....#.s.# x.#
######..'.....'...Z ..R
#..'.....#...# ..#.
#..#....##..4# ..#..
#..#..#####.## '## #r


You could see a vampire knight (fast).

Vanquished Creatures
  A gargoyle (D)
  A smoke demon (D)
  An efreet (D)
  A freezing wraith (D)
  A snapping turtle (D)
  A basilisk (D)
  A steam dragon (D)
  A swamp drake (D)
  A crocodile (D)
  A small abomination (D)
  A phantom (D)
  A kobold brigand (D)
  3 wights (D)
  A crimson imp (D)
  An iguana (D)
  2 gnolls (D)
  A dart slug (D)
  A bat skeleton (D)
  A goblin (D)
  7 jackals (D)
  A quokka (D)
  A ball python (D)
  A ball python skeleton (D)
  2 bats (D)
  A frilled lizard (D)
35 creatures vanquished.

Vanquished Creatures (collateral kills)
  A scorpion (D)
  A gnoll sergeant (D)
  3 gnolls (D)
  An ufetubus (D)
6 creatures vanquished.

Vanquished Creatures (others)
  36 foxfires (D)
36 creatures vanquished.

Grand Total: 77 creatures vanquished

Notes
Turn   | Place    | Note
-------+----------+-------------------------------------------
     0 | D        | Conn the Octopode Fire Elementalist began the quest for the
                  | Orb.
     0 | D        | Reached XP level 1. HP: 11/11 MP: 3/3
    51 | D        | Found a bloodstained altar of Trog.
    51 | D        | Found a shimmering blue altar of Sif Muna.
    51 | D        | Found a viscous altar of Jiyva.
    51 | D        | Found a hazy altar of Hepliaklqana.
    51 | D        | Found an opulent altar of Gozag.
    52 | D        | Found a glowing golden altar of the Shining One.
    52 | D        | Found a glowing silver altar of Zin.
    52 | D        | Found a basalt altar of Yredelemnul.
    52 | D        | Found a shimmering altar of Xom.
    52 | D        | Found an ornate altar of the Wu Jian Council.
    52 | D        | Found a sacrificial altar of Ru.
    52 | D        | Found a stormy altar of Qazlal.
    52 | D        | Found an iron altar of Okawaru.
    52 | D        | Found a sparkling altar of Nemelex Xobeh.
    52 | D        | Found a burning altar of Makhleb.
    52 | D        | Found a blossoming altar of Fedhas.
    52 | D        | Found a white marble altar of Elyvilon.
    52 | D        | Found a shadowy altar of Dithmenos.
    52 | D        | Found a snail-covered altar of Cheibriados.
    53 | D        | Found a radiant altar of Vehumet.
    53 | D        | Found a corrupted altar of Lugonu.
    53 | D        | Found a roughly hewn altar of Beogh.
    54 | D        | Found an ancient bone altar of Kikubaaqudgha.
    54 | D        | Found a hide-covered altar of Uskayaw.
    54 | D        | Found a broken altar of Ashenzari.
    55 | D        | Became a worshipper of Sif Muna the Loreminder
   135 | D        | Reached * piety under Sif Muna
   139 | D        | Reached XP level 2. HP: 15/17 MP: 1/5
   140 | D        | Reached ** piety under Sif Muna
   146 | D        | Learned a level 2 spell: Scorch
   203 | D        | Noticed a scorpion
   215 | D        | Killed a scorpion
   216 | D        | Reached skill level 5 in Fire Magic
   216 | D        | Reached XP level 3. HP: 21/24 MP: 1/8
   216 | D        | Reached XP level 4. HP: 25/29 MP: 1/9
   217 | D        | Reached *** piety under Sif Muna
   238 | D        | Noticed a gnoll sergeant
   241 | D        | Reached skill level 5 in Stealth
   241 | D        | Reached XP level 5. HP: 27/35 MP: 2/11
   242 | D        | Reached **** piety under Sif Muna
   245 | D        | Reached skill level 5 in Spellcasting
   323 | D        | Learned a level 3 spell: Inner Flame
   328 | D        | Learned a level 4 spell: Flame Wave
   338 | D        | Noticed a crocodile
   347 | D        | Killed a crocodile
   348 | D        | Reached skill level 1 in Staves
   348 | D        | Reached skill level 1 in Shields
   348 | D        | Reached skill level 5 in Conjurations
   348 | D        | Reached skill level 1 in Hexes
   348 | D        | Reached XP level 6. HP: 43/43 MP: 5/14
   388 | D        | Reached ***** piety under Sif Muna
   403 | D        | Reached skill level 5 in Dodging
   403 | D        | Reached XP level 7. HP: 36/49 MP: 0/16
   548 | D        | Noticed an efreet
   612 | D        | Noticed a smoke demon
   612 | D        | Noticed a snapping turtle
   615 | D        | Received a gift from Sif Muna
   639 | D        | Killed a smoke demon
   640 | D        | Reached skill level 5 in Fighting
   640 | D        | Reached skill level 5 in Invocations
   817 | D        | Got Sif Muna's Directory of the Legion and Bolts {god gift}
   829 | D        | Learned a level 3 spell: Summon Ice Beast
   835 | D        | Learned a level 5 spell: Arcjolt
   857 | D        | Killed a snapping turtle
   858 | D        | Reached skill level 1 in Ice Magic
   858 | D        | Reached skill level 1 in Air Magic
   858 | D        | Reached XP level 8. HP: 25/55 MP: 8/19
   968 | D        | Noticed a freezing wraith
  1066 | D        | Received a gift from Sif Muna
  1066 | D        | Killed a freezing wraith
  1156 | D        | Noticed a gargoyle
  1171 | D        | Killed a gargoyle
  1172 | D        | Reached XP level 9. HP: 38/62 MP: 2/21
  1348 | D        | Noticed a demonic crawler
  1348 | D        | Noticed an ice devil
  1349 | D        | Noticed a vampire knight
  1352 | D        | Killed an efreet
  1352 | D        | Received a gift from Sif Muna
  1353 | D        | Reached skill level 5 in Hexes
  1353 | D        | Reached skill level 5 in Ice Magic
  1353 | D        | Reached skill level 5 in Air Magic
  1355 | D        | Demolished by a vampire knight

Illustrated notes

Levels and vault maps discovered:
D:        pitsprint [storerooms_1, entrance_room_1, metal_vault_1, armoury_2,
          mini_pit_1, grid_room_1, main_hall_1, silver_pit, the_coven_1,
          the_vestibule_1, steel_vault_2, golden_pit, hallway_of_sentries,
          crystal_vault_6, iron_vault_5, final_vault]

Skill      XL: |  1  2  3  4  5  6  7  8  9 |
---------------+----------------------------+-----
Stealth        | 3 4 5 |  5.0
Fire Magic     | 4 5 6 7 |  7.7
Fighting       | 2 3 4 5 6 |  6.4
Dodging        | 3 4 5 6 |  6.8
Spellcasting   | 3 4 5 6 7 8 |  8.6
Conjurations   | 3 4 5 6 7 8 |  8.1
Invocations    | 2 3 4 5 6 |  6.6
Staves         | 1 2 3 |  3.5
Shields        | 1 2 3 4 |  4.9
Hexes          | 1 2 3 4 5 |  5.0
Ice Magic      | 1 4 5 |  5.0
Air Magic      | 1 4 5 |  5.0

Action                     |  1- 3 |  4- 6 |  7- 9 || total
---------------------------+-------+-------+-------++-------
  Melee: Falchion          |     6 |     2 |       ||     8
         Constrict         |     3 |     1 |     2 ||     6
         Tentacles         |     2 |     1 |     1 ||     4
         Quarterstaff      |       |       |    11 ||    11
   Cast: Foxfire           |    11 |     5 |     8 ||    24
         Scorch            |     2 |     5 |    12 ||    19
         Inner Flame       |       |     5 |    13 ||    18
         Summon Ice Beast  |       |       |     8 ||     8
         Arcjolt           |       |       |     1 ||     1
         Chain Lightning   |       |       |     1 ||     1
 Invoke: Channel Magic     |       |     1 |     1 ||     2
         Divine Exegesis   |       |       |     1 ||     1
    Use: Scroll            |     1 |       |     1 ||     2
         Potion            |       |     2 |    11 ||    13
 Armour: Skin              |     7 |     6 |    24 ||    37
  Dodge: Dodged            |     6 |     7 |    12 ||    25

Table legend: (Time is in decaauts)
 A = Elapsed time spent in this place.
 B = Non-inter-level travel time spent in this place.
 C = Inter-level travel time spent in this place.
 D = Time resting spent in this place.
 E = Time spent auto-exploring this place.
 F = Levels seen in this place.
 G = Mean time per level.
                   A        B        C        D        E       F      G
               +--------+--------+--------+--------+--------+-----+--------+
         Total |   1345 |   1345 |      0 |    744 |      0 |   1 | 1345.0 |
       Dungeon |   1345 |   1345 |      0 |    744 |      0 |   1 | 1345.0 |
               +--------+--------+--------+--------+--------+-----+--------+

Top non-repeatable levels by time:
       D: 1345 daAuts
